 Dungeon Crawl Stone Soup version 0.28.0-43-g3370ac3207 (webtiles) character file.

Game seed: 6691688843764480017

130 choreboyy the Cutter (level 5, 0/42 HPs)
             Began as a Human Berserker on Mar 11, 2022.
             Was a Believer of Trog.
             Slain by an orc
             ... wielding a +0 hand axe
              (4 damage)
             ... on level 3 of the Dungeon.
             The game lasted 00:14:48 (2641 turns).

choreboyy the Cutter (Human Berserker)              Turns: 2641, Time: 00:14:48

Health: 0/42       AC:  2    Str: 23    XL:     5   Next: 36%
Magic:  5/5        EV: 13    Int:  7    God:    Trog [**....]
Gold:   54         SH:  0    Dex: 13    Spells: 4/4 levels left

rFire   + . .      SeeInvis +   a - +0 short sword
rCold   x . .      Faith    .   (no shield)
rNeg    . . .      Spirit   .   b - +0 animal skin
rPois   .          Reflect  .   (no helmet)
rElec   .          Harm     .   (no cloak)
rCorr   .          Rampage  .   (no gloves)
Will    .....                   (no boots)
Stlth   ++........              (no amulet)
HPRegen 0.14/turn               c - ring of Loelihuh {rF+ rC- Str+4 SInv}
MPRegen 0.09/turn               (no ring)

@: on berserk cooldown, slowed, very slow
A: no striking features
a: Renounce Religion, Berserk, Trog's Hand


You were on level 3 of the Dungeon.
You worshipped Trog.
Trog was pleased with you.
You visited 1 branch of the dungeon, and saw 3 of its levels.

You collected 54 gold pieces.

Inventory:

Hand Weapons
 a - a +0 short sword (weapon)
Armour
 b - a +0 animal skin (worn)
Jewellery
 c - the ring of Loelihuh (left hand) {rF+ rC- Str+4 SInv}
   (You acquired it on level 1 of the Dungeon)

   [ring of see invisible]

   Str:       It affects your strength (+4).
   rF:        It protects you from fire.
   rC:        It makes you vulnerable to cold.
   SInv:      It lets you see invisible.
Scrolls
 e - a scroll of enchant weapon {unknown}
 f - 3 scrolls of identify {unknown}
 g - 3 scrolls of fog {unknown}
 h - a scroll of noise {unknown}
 j - a scroll of vulnerability {unknown}
Potions
 d - a potion of cancellation {unknown}
 i - a potion of magic {unknown}


   Skills:
 + Level 3.8 Fighting
 + Level 4.1 Short Blades
 + Level 2.1 Armour
 + Level 3.1 Dodging
 + Level 1.1 Stealth


You had 4 spell levels left.
You didn't know any spells.
Your spell library was empty.

Dungeon Overview and Level Annotations

Branches:
Dungeon (3/15)

Altars:

Annotations:
D:3 1 runed translucent door, Crazy Yiuf


Message History

You puncture the orc!
You kill the orc!
Trog accepts your kill.
You have reached level 5!
The orc closely misses you.
Items here: )) [ ††.
You hit the orc priest.
The orc priest is moderately wounded.
The orc priest miscasts a cantrip.
You closely miss the orc priest.
The orc priest is moderately wounded.
The orc hits you with a +0 trident.
* * * LOW HITPOINT WARNING * * *
The orc priest hits you with a +0 club.
* * * LOW HITPOINT WARNING * * *
You hit the orc priest.
The orc priest is moderately wounded.
The orc hits you but does no damage.
You puncture the orc priest!
You kill the orc priest!
Trog accepts your kill.
Your Short Blades skill increases to level 4!
Your Stealth skill increases to level 1!
You puncture the orc!
You kill the orc!
Trog accepts your kill.
You start resting.
You feel a strong urge to attack something.
You are no longer berserk.
You are exhausted.
You feel yourself slow down.
You see here a +0 trident.
An orc comes into view. It is wielding a +0 hand axe.
Items here: )) [ ††.
You see here a +0 short sword.
An orc is nearby!
The orc hits you with a +0 hand axe.
* * * LOW HITPOINT WARNING * * *
You closely miss the orc. The orc hits you with a +0 hand axe.
You die...

## ## ###. .
...# #. # #..#.
.########. #...
#<........
#.#######
##.######
#.o.....# ##.#
#@#####.# #..#
##### #.# #.#.#
#. #.# .##.# #
#.##.# ..#.# #.
#....# ....# #.
##.#.# ....#
#.. #o#># ...##
#..# ##)#.#
..## .
#...######))#.#


You could see an orc.

Vanquished Creatures
  An orc priest (D:3)
  An orc wizard (D:3)
  An adder (D:2)
  2 dart slugs
  2 orcs (D:3)
  6 bats
  3 endoplasms
  7 giant cockroaches
  6 goblins
  4 hobgoblins
  6 jackals
  5 kobolds
  2 quokkas (D:2)
  4 ball pythons
  A frilled lizard (D:2)
  4 rats
55 creatures vanquished.

Notes
Turn   | Place    | Note
-------+----------+-------------------------------------------
     0 | D:1      | choreboyy the Human Berserker began the quest for the Orb.
     0 | D:1      | Reached XP level 1. HP: 18/18 MP: 1/1
   188 | D:1      | Reached XP level 2. HP: 21/24 MP: 2/2
   193 | D:1      | Identified a scroll of acquirement
   193 | D:1      | Acquired the ring of Loelihuh {rF+ rC- Str+4 SInv}
   711 | D:1      | Reached XP level 3. HP: 25/29 MP: 3/3
   867 | D:1      | Reached ** piety under Trog
  1433 | D:2      | Reached XP level 4. HP: 24/35 MP: 4/4
  1634 | D:2      | Found a faded altar of an unknown god.
  2465 | D:3      | Found a runed translucent door.
  2466 | D:3      | Noticed Crazy Yiuf
  2617 | D:3      | Reached XP level 5. HP: 10/42 MP: 5/5
  2622 | D:3      | Reached skill level 4 in Short Blades
  2622 | D:3      | Reached skill level 1 in Stealth
  2641 | D:3      | Slain by an orc

Illustrated notes

Levels and vault maps discovered:
D:1:      minmay_arrival_arboretum_small, layout_basic, corexii_corridor_pit,
          minmay_misc_feat_roman
D:2:      layout_basic, basic_ecumenical_altar
D:3:      layout_loops_cross, nicolae_hepliaklqana_hippocampus, uniq_terence,
          uniq_crazy_yiuf_cottage, uniq_grinder

Skill      XL: |  1  2  3  4  5 |
---------------+----------------+-----
Dodging        | 3 |  3.1
Short Blades   | 4 |  4.1
Stealth        | 1 |  1.1
Fighting       | |  3.8
Armour         | |  2.1

Action                   |  1- 3 |  4- 6 || total
-------------------------+-------+-------++-------
Melee: Short sword       |   126 |    70 ||   196
       Punch             |     1 |       ||     1
Invok: Berserk           |       |     1 ||     1
  Use: Scroll            |     1 |       ||     1
 Stab: Distracted        |       |     1 ||     1
Armor: Animal skin       |    35 |    13 ||    48
Dodge: Dodged            |    81 |    46 ||   127
